 Dungeon Crawl Stone Soup version 0.25-a0-277-g7046ed1b37 (webtiles) character file.

Game seed: 13635708449759948092, levelgen mode: deterministic

3 MoonlitKnight the Vexing (level 1, -3/10 HPs)
             Began as a Deep Elf Enchanter on Dec 9, 2019.
             Slain by a hobgoblin
             ... wielding a +0 club
              (7 damage)
             ... on level 1 of the Dungeon.
             The game lasted 00:00:38 (101 turns).

MoonlitKnight the Vexing (Deep Elf Enchanter)        Turns: 101, Time: 00:00:39

Health: -3/10      AC:  2    Str:  5    XL:     1   Next: 41%
Magic:  3/6        EV: 13    Int: 19    God:
Gold:   24         SH:  0    Dex: 15    Spells: 5/6 levels left

rFire    . . .     SeeInvis .   a - +1 dagger
rCold    . . .     Gourm    .   (no shield)
rNeg     . . .     Faith    .   b - +0 robe
rPois    .         Spirit   .   (no helmet)
rElec    .         Reflect  .   (no cloak)
rCorr    .         Harm     .   (no gloves)
MR       .....                  (no boots)
Stlth    ++........             (no amulet)
HPRegen  0.03/turn              (no ring)
MPRegen  0.10/turn              (no ring)

@: no status effects
A: no striking features
a: no special abilities


You were on level 1 of the Dungeon.
You were not hungry.

You visited 1 branch of the dungeon, and saw 1 of its levels.

You collected 24 gold pieces.

Inventory:

Hand Weapons
 a - a +1 dagger (weapon)
Missiles
 f - 4 boomerangs (quivered)
Armour
 b - a +0 robe (worn)
Jewellery
 c - an uncursed ring of ice {unknown}
Scrolls
 e - a scroll of noise {unknown}
 g - a scroll of identify {unknown}
Comestibles
 d - 2 rations


   Skills:
 - Level 1.0 Short Blades
 - Level 2.4 Dodging
 - Level 3.6 Stealth
 - Level 3.0 Spellcasting
 + Level 4.3 Hexes


You had 5 spell levels left.
You knew the following spells:

 Your Spells              Type           Power        Failure   Level  Hunger
a - Corona                Hex            ###....      2%          1    None

Your spell library contained the following spells:

 Spells                   Type           Power        Failure   Level  Hunger
 Confuse                  Hex            ###.....     8%          3    ###....
 Tukima's Dance           Hex            ###.....     8%          3    ###....
 Ensorcelled Hibernation  Hex/Ice        ##....       10%         2    ##.....
 Dazzling Flash           Conj/Hex       ##....       19%         3    ###....


Dungeon Overview and Level Annotations

Branches:
Dungeon (1/15)

Altars:


Message History

The hobgoblin barely resists.
The hobgoblin hits you but does no damage.
You closely miss the hobgoblin.
Casting: Corona (safe; 2% risk of failure)
Confirm with . or Enter, or press ? or * to list all spells.
Aiming: Corona (safe; 2% risk of failure)
Press: ? - help, Shift-Dir - straight line, f/p - hobgoblin
Aim: a hobgoblin, wielding a +0 club (chance to defeat MR: 73%)
The hobgoblin is outlined in light.
The hobgoblin hits you with a +0 club.
You hit the hobgoblin but do no damage.
The hobgoblin hits you but does no damage.
You hit the hobgoblin but do no damage. The hobgoblin barely misses you.
You hit the hobgoblin.
The hobgoblin is moderately wounded.
The hobgoblin hits you with a +0 club.
You hit the hobgoblin but do no damage.
The hobgoblin is moderately wounded.
The hobgoblin hits you with a +0 club!
Ouch! That really hurt!
You die...

####(......####
.####.#### #>
#.#.# #
##.###...##..#
#............#
#..####.###..#
...............#
...##..###...##..#
.. #.. #....@# # .
..........g..#
##.###............
#. ##...##......
##.## .###.. ...
.. . ##. .. ## ###


You could see a hobgoblin.

Vanquished Creatures
  A leopard gecko (D:1)
  2 rats (D:1)
3 creatures vanquished.

Notes
Turn   | Place    | Note
-------+----------+-------------------------------------------
     0 | D:1      | MoonlitKnight the Deep Elf Enchanter began the quest for
                  | the Orb.
     0 | D:1      | Reached XP level 1. HP: 10/10 MP: 6/6
   101 | D:1      | Slain by a hobgoblin

Levels and vault maps discovered:
D:1:      dpeg_arrival_three_bigger_balls, layout_loops_ring

Action                   || total
-------------------------++-------
Melee: Dagger            ||     8
 Cast: Corona            ||     3
 Stab: Sleeping          ||     2
Armor: Robe              ||     1
Dodge: Dodged            ||     2

Table legend:
 A = Non-vault XP
 B = Vault XP
 C = Vault XP percentage of total XP
 D = Non-vault monster count
 E = Vault monster count
 F = Vault count percentage of total count
                 A         B        C        D         E       F
            +---------+---------+-------+---------+---------+-------
      Total |       5 |       0 |   0.0 |       3 |       0 |   0.0
            +---------+---------+-------+---------+---------+-------
        D:1 |       5 |       0 |   0.0 |       3 |       0 |   0.0
            +---------+---------+-------+---------+---------+-------
